 Dungeon Crawl Stone Soup version 0.28-a0-895-g6e5f11bd55 (webtiles) character file.

Game seed: 7655876498236355086

49 frimble the Cutter (level 3, 0/36 HPs)
             Began as a Troll Warper on Nov 22, 2021.
             Slain by a scorpion (7 damage)
             ... on level 4 of the Dungeon.
             The game lasted 00:03:01 (1725 turns).

frimble the Cutter (Troll Warper)                   Turns: 1725, Time: 00:03:02

Health: 0/36       AC:  4    Str: 19    XL:     3   Next: 51%
Magic:  3/3        EV:  9    Int: 10    God:
Gold:   26         SH:  0    Dex:  9    Spells: 4/4 levels left

rFire   . . .      SeeInvis .   a - +0 short sword
rCold   . . .      Faith    .   (no shield)
rNeg    . . .      Spirit   .   b - +0 robe
rPois   .          Reflect  .   (helmet restricted)
rElec   .          Harm     .   (no cloak)
rCorr   .          Rampage  .   (gloves unavailable)
Will    .....                   (boots unavailable)
Stlth   +.........              (no amulet)
HPRegen 1.12/turn               (no ring)
MPRegen 0.08/turn               (no ring)

@: mighty, lethally poisoned (0 -> -1)
A: large, unfitting armour, claws 3, regeneration 1, shaggy fur 1, tough skin 1
a: no special abilities


You were on level 4 of the Dungeon.
You visited 1 branch of the dungeon, and saw 4 of its levels.

You collected 115 gold pieces.
You spent 89 gold pieces at shops.

Inventory:

Hand Weapons
 a - a +0 short sword (weapon)
Missiles
 d - 5 boomerangs of dispersal (quivered)
Armour
 b - a +0 robe (worn)
Scrolls
 c - a scroll of blinking
 g - a scroll of fog
Potions
 e - 2 potions of flight
 h - 3 potions of curing


   Skills:
 + Level 2.5 Fighting
 + Level 2.5 Short Blades
 - Level 0.9 Throwing
 - Level 1.9 Dodging
 - Level 1.2 Spellcasting
 - Level 2.1 Translocations


You had 4 spell levels left.
You didn't know any spells.
Your spell library contained the following spells:

 Spells                   Type           Power      Damage    Failure   Level
 Blink                    Tloc           10%        N/A       21%         2
 Gell's Gravitas          Tloc           5%         N/A       38%         3
 Lesser Beckoning         Tloc           5%         N/A       38%         3
 Teleport Other           Tloc           5%         N/A       38%         3
 Ozocubu's Armour         Ice            0%         N/A       71%         3
 Manifold Assault         Tloc           5%         N/A       98%         5
 Ozocubu's Refrigeration  Ice            0%         4d5       100%        7


Dungeon Overview and Level Annotations

Branches:
Dungeon (4/15)
 Temple: D:4-7

Altars:

Shops:
D:1 *(

Annotations:
D:3 Sigmund


Innate Abilities, Weirdness & Mutations

You are too large for most types of armour.
You have claws for hands.
Your natural rate of healing is unusually fast.
You are covered in fur. (AC +1)
You have tough skin. (AC +1)


Message History

You hit the goblin.
You kill the goblin!
You hit the scorpion but do no damage. The scorpion stings you.
A sky beast comes into view.
You closely miss the scorpion.
The scorpion stings you but does no damage.
The scorpion stings you.
You barely miss the scorpion. The scorpion barely misses you.
You barely miss the scorpion. The scorpion barely misses you.
Okay, then.
It was a potion of curing.
You feel better. The scorpion stings you.
You are poisoned.
The scorpion poisons you!
It was a potion of heal wounds.
You feel much better.
You feel very sick. The scorpion stings you.
It was a potion of might.
You feel very mighty all of a sudden.
You feel sick. The scorpion closely misses you. The scorpion stings you!
You hit the scorpion.
The scorpion is moderately wounded.
You feel sick. The scorpion stings you.
You hit the scorpion.
The scorpion is heavily wounded.
You feel sick. The scorpion stings you.
You hit the scorpion.
The scorpion is severely wounded.
You hear the slow rusting of a drain very nearby.
You feel sick.
The scorpion stings you but does no damage.
You barely miss the scorpion.
The scorpion is severely wounded.
You feel sick.
The scorpion stings you but does no damage.
You closely miss the scorpion.
The scorpion is severely wounded.
You feel sick. The scorpion stings you!
* * * LOW HITPOINT WARNING * * *
The scorpion stings you!
You die...

#######.# #.#.#
####.####.#.##
#............#
#.##.####.#..#
#.##.# #.#..#
#.##.# #.#..#
###.##.# #.#..#
#......# #....#
#@#.#########^.#
#s#.# #........#
#Y#.# #.#####.<#
#.... #..# #.###
#..# .!# ...#
#.# ##### #..


You could see a sky beast and a scorpion.

Vanquished Creatures
  2 dart slugs (D:2)
  5 endoplasms
  A giant cockroach (D:1)
  5 goblins
  2 hobgoblins (D:2)
  4 jackals (D:2)
  3 kobolds
  2 quokkas
  8 ball pythons
  4 bats
  2 frilled lizards (D:1)
  2 rats (D:2)
40 creatures vanquished.

Notes
Turn   | Place    | Note
-------+----------+-------------------------------------------
     0 | D:1      | frimble the Troll Warper began the quest for the Orb.
     0 | D:1      | Reached XP level 1. HP: 19/19 MP: 1/1
    51 | D:1      | Found Ushu's Weapon Emporium.
   146 | D:1      | Found Siuwoler's Assorted Antiques.
   276 | D:1      | Reached XP level 2. HP: 28/28 MP: 2/2
   832 | D:1      | Bought a scroll labelled LUDUEL DAIFFU for 31 gold pieces
   962 | D:2      | Reached XP level 3. HP: 35/35 MP: 3/3
   994 | D:2      | Found a faded altar of an unknown god.
  1095 | D:1      | Bought a scroll labelled PORPHI DEBROLE for 31 gold pieces
  1097 | D:1      | Bought a fizzy inky potion for 27 gold pieces
  1518 | D:3      | Noticed Sigmund
  1711 | D:4      | Noticed a scorpion
  1714 | D:4      | Noticed a sky beast
  1725 | D:4      | Slain by a scorpion

Illustrated notes

Levels and vault maps discovered:
D:1:      heliophobic_arrival_ceremonial_halls, layout_loops_corners,
          serial_shops, nicolae_shop_bloodbath_and_beyond, nicolae_shop_stone,
          hex_large
D:2:      layout_rooms, dreamdust_ecumenical_altar_grove, kennysheep_boxes
D:3:      layout_loops_ring, minmay_stone_trees_large, uniq_sigmund
D:4:      layout_loops_ring, gup_sewer_entry_bubbles, minmay_misc_feat_diagonals

Skill      XL: |  1  2 |
---------------+-------+-----
Short Blades   | 2 |  2.5
Fighting       | 2 |  2.5
Throwing       | |  0.9
Dodging        | |  1.9
Spellcasting   | |  1.2
Translocations | |  2.1

Action                   || total
-------------------------++-------
Melee: Short sword       ||   146
  Use: Scroll            ||     4
       Potion            ||     3
Armor: Robe              ||    52
Dodge: Dodged            ||    58

Table legend: (Time is in decaauts)
 A = Elapsed time spent in this place.
 B = Non-inter-level travel time spent in this place.
 C = Inter-level travel time spent in this place.
 D = Time resting spent in this place.
 E = Time spent auto-exploring this place.
 F = Levels seen in this place.
 G = Mean time per level.
                   A        B        C        D        E       F      G
               +--------+--------+--------+--------+--------+-----+--------+
         Total |   1725 |   1521 |    204 |      0 |   1164 |   4 |  431.2 |
       Dungeon |   1725 |   1521 |    204 |      0 |   1164 |   4 |  431.2 |
               +--------+--------+--------+--------+--------+-----+--------+

Top non-repeatable levels by time:
     D:1: 922 daAuts
     D:2: 582 daAuts
     D:3: 170 daAuts
     D:4: 51 daAuts
